 Dungeon Crawl Stone Soup version 0.24-a0-521-g122614bf49 (webtiles) character file.

Game seed: 15090250860598775652

82 Mithandil the Conjurer (level 4, -7/24 HPs)
             Began as a Deep Elf Conjurer on July 29, 2019.
             Killed from afar by an orc wizard (9 damage)
             ... with a puff of flame
             ... on level 4 of the Dungeon.
             The game lasted 00:07:54 (2107 turns).

Mithandil the Conjurer (Deep Elf Conjurer)          Turns: 2107, Time: 00:07:54

Health: -7/24      AC:  4    Str:  6    XL:     4   Next: 21%
Magic:  7/12       EV: 12    Int: 20    God:
Gold:   114        SH:  0    Dex: 15    Spells: 8/11 levels left

rFire    . . .     SeeInvis .   l - +0 mace (venom)
rCold    . . .     Gourm    .   (no shield)
rNeg     . . .     Faith    .   g - +0 leather armour
rPois    .         Spirit   .   (no helmet)
rElec    .         Reflect  .   k - +0 cloak
rCorr    .         Harm     .   (no gloves)
MR       .....                  (no boots)
Stlth    +.........             (no amulet)
HPRegen  0.08/turn              (no ring)
MPRegen  0.13/turn              (no ring)

@: confused
A: no striking features
a: no special abilities


You were on level 4 of the Dungeon.
You were not hungry.

You visited 1 branch of the dungeon, and saw 4 of its levels.

You collected 114 gold pieces.

Inventory:

Hand Weapons
 a - a +0 short sword
 f - a +0 dagger
 l - a +0 mace of venom (weapon)
Missiles
 b - 24 stones (quivered)
Armour
 g - a +0 leather armour (worn)
 k - a +0 cloak (worn)
Scrolls
 d - 3 scrolls of identify
 m - a scroll of teleportation {unknown}
Potions
 e - a potion of flight
 i - a potion of lignification {unknown}
 j - a potion of cancellation {unknown}
 n - 2 potions of haste {unknown}
 o - a potion of mutation {unknown}
 p - a potion of agility {unknown}
Comestibles
 c - 3 rations
 h - 7 chunks of flesh


   Skills:
 + Level 3.0 Dodging
 + Level 3.3 Stealth
 * Level 4.3 Spellcasting
 * Level 5.1 Conjurations


You had 8 spell levels left.
You knew the following spells:

 Your Spells              Type           Power        Failure   Level  Hunger
a - Magic Dart            Conj           ###.         2%          1    None
b - Searing Ray           Conj           ###...       3%          2    #......

Your spell library contained the following spells:

 Spells                   Type           Power        Failure   Level  Hunger
 Summon Small Mammal      Summ           #...         21%         1    None
 Dazzling Spray           Conj/Hex       ##....       21%         3    ###....
 Iskenderun's Mystic Bla  Conj           ###.....     24%         4    ####...
 Call Imp                 Summ           #.......     30%         2    #......
 Call Canine Familiar     Summ           #.......     52%         3    ###....
 Summon Guardian Golem    Hex/Summ       #.......     52%         3    ###....
 Force Lance              Conj/Tloc      ##......     56%         4    ####...
 Fulminant Prism          Conj/Hex       ##........   56%         4    ####...
 Summon Ice Beast         Ice/Summ       #.......     89%         4    ####...
 Summon Lightning Spire   Summ/Air       #.......     89%         4    ####...


Dungeon Overview and Level Annotations

Branches:
Dungeon (4/15)
 Temple: D:4-7

Altars:


Message History

You have reached level 4!
You feel clever.
You feel a bit more experienced. The quokka closely misses you.
You hear some strange, mumbled words.
A magic dart appears from out of thin air!
Deactivating autopickup; reactivate with Ctrl-A.
The magic dart hits you!
The quokka bites you but does no damage.
You're too confused to move!
You hear some strange, mumbled words.
A magic dart appears from out of thin air!
The magic dart hits you.
* * * LOW HITPOINT WARNING * * *
The quokka closely misses you. The orc closely misses you.
You miss something. The orc barely misses you. The quokka bites you.
* * * LOW HITPOINT WARNING * * *
Something hits you but does no damage.
The orc wizard gestures at you while chanting.
The puff of flame hits you!
You die...

.. ...# . ..#
##. ..#### # #..
###.... #.#...
....#
#.....####.##
#........<#
###...?#.#.####
.....$..@o......
#######oor......
#.......###
..........
##......?##
#.......#
#.......#
#.......#


You could see an orc wizard, 2 orcs and a quokka.

Vanquished Creatures
  2 adders
  A worm (D:2)
  A leopard gecko (D:2)
  An orc (D:3)
  6 bats
  2 giant cockroaches (D:3)
  6 goblins
  3 hobgoblins
  4 jackals (D:3)
  2 ball pythons
  4 frilled lizards
  4 kobolds (D:1)
  2 rats
38 creatures vanquished.

Vanquished Creatures (others)
  An orc wizard (D:4)
1 creature vanquished.

Grand Total: 39 creatures vanquished

Notes
Turn   | Place    | Note
-------+----------+-------------------------------------------
     0 | D:1      | Mithandil the Deep Elf Conjurer began the quest for the
                  | Orb.
     0 | D:1      | Reached XP level 1. HP: 10/10 MP: 6/6
   639 | D:1      | Reached XP level 2. HP: 15/15 MP: 5/8
   643 | D:1      | Learned a level 2 spell: Searing Ray
  1543 | D:2      | Reached XP level 3. HP: 19/19 MP: 5/10
  1957 | D:3      | Reached skill level 5 in Conjurations
  2105 | D:4      | Reached XP level 4. HP: 18/24 MP: 7/12
  2107 | D:4      | Killed from afar by an orc wizard

Levels and vault maps discovered:
D:1:      dpeg_arrival_signposts, layout_basic
D:2:      layout_loops_ring
D:3:      layout_rooms, first_ration, minmay_cut_off
D:4:      layout_basic, overflow_temple_1_default, lemuel_doored_altar

Skill      XL: |  1  2  3 |
---------------+----------+-----
Stealth        | 3 |  3.3
Spellcasting   | 4 |  4.3
Dodging        | 3 |  3.0
Conjurations   | 5 |  5.1

Action                   |  1- 3 |  4- 6 || total
-------------------------+-------+-------++-------
Melee: Mace              |     1 |     1 ||     2
 Cast: Magic Dart        |    87 |       ||    87
  Use: Scroll            |     2 |       ||     2
  Eat: Chunk             |     3 |       ||     3
Armor: Leather armour    |     2 |     2 ||     4
Dodge: Dodged            |     8 |     4 ||    12

Table legend:
 A = Non-vault XP
 B = Vault XP
 C = Vault XP percentage of total XP
 D = Non-vault monster count
 E = Vault monster count
 F = Vault count percentage of total count
                 A         B        C        D         E       F
            +---------+---------+-------+---------+---------+-------
      Total |     104 |      14 |  11.9 |      38 |       1 |   2.6
            +---------+---------+-------+---------+---------+-------
        D:1 |      17 |       0 |   0.0 |      12 |       0 |   0.0
        D:2 |      31 |       0 |   0.0 |      10 |       0 |   0.0
        D:3 |      28 |      14 |  33.3 |      15 |       1 |   6.2
        D:4 |      28 |       0 |   0.0 |       1 |       0 |   0.0
            +---------+---------+-------+---------+---------+-------
